 Dungeon Crawl Stone Soup version 0.30.1 (webtiles) character file.

Game seed: 545557584517589263

12970 Arctor the Martial Artist (level 12, -13/98 HPs)
             Began as an Octopode Transmuter on July 7, 2023.
             Was a High Priest of Sif Muna.
             Shot with an arrow by a centaur warrior (24 damage)
             ... on level 2 of the Orcish Mines.
             The game lasted 00:25:54 (12915 turns).

Arctor the Martial Artist (Octopode Transmuter)    Turns: 12915, Time: 00:25:54

Health: -13/98     AC:  9    Str: 10    XL:     12   Next: 1%
Magic:  34/34      EV: 17    Int: 20    God:    Sif Muna [*****.]
Gold:   1286       SH:  0    Dex: 12    Spells: 11/25 levels left

rFire   . .          .
                       - Unarmed
rCold   + + +        (shield currently unavailable)
rNeg    + . .        (helmet currently unavailable)
rPois   +            y - amulet of faith
rElec   .            d - ring of poison resistance
rCorr   +            h - ring of resist corrosion
SInv    .            l - ring of protection from fire
Will    +....        m - ring of willpower
Stlth   +            s - ring of positive energy
HPRegen 1.16/turn    p - ring of magical power
MPRegen 0.24/turn    E - +5 ring of evasion
                     (no ring)

%: faith
@: ice-form
A: freezing attack, boosted hp, almost no armour, amphibious, 8 rings, large,
(camouflage 1), (gelatinous body 1), (nimble swimmer 1), (tentacles), high MP 1,
regeneration 1
a: End Transformation, Renounce Religion, Channel Magic, Forget Spell, Divine
Exegesis


You were on level 2 of the Orcish Mines.
You worshipped Sif Muna.
Sif Muna was extremely pleased with you.
You were a creature of crystalline ice.
You visited 3 branches of the dungeon, and saw 13 of its levels.
You also visited: Sewer and Ossuary.

You collected 1286 gold pieces.

Inventory:

Hand Weapons
 c - a +4 spear
 f - a +1 spear of distortion
Missiles
 x - a throwing net
Armour
 I - an orb of wrath
Jewellery
 d - a ring of poison resistance (left front paw)
 h - a ring of resist corrosion (right front paw)
 l - a ring of protection from fire (on tentacle)
 m - a ring of willpower (on tentacle)
 p - a ring of magical power (on tentacle)
 s - a ring of positive energy (on tentacle)
 y - an amulet of faith (around neck)
 E - a +5 ring of evasion (on tentacle)
Wands
 B - a wand of acid (11)
 J - a wand of iceblast (4)
Scrolls
 e - a scroll of amnesia
 i - 7 scrolls of teleportation
 k - 3 scrolls of blinking
 n - 4 scrolls of fear
 o - 6 scrolls of magic mapping
 q - a scroll of immolation
 w - 2 scrolls of noise
 A - a scroll of identify
 C - a scroll of brand weapon
 D - a scroll of torment
 F - 2 scrolls of silence
 G - 2 scrolls of vulnerability
Potions
 a - 2 potions of lignification
 b - 3 potions of might
 j - 9 potions of curing
 r - 6 potions of brilliance
 t - a potion of berserk rage
 u - a potion of degeneration {unknown}
 v - a potion of heal wounds
 z - 2 potions of flight
 H - a potion of invisibility


   Skills:
 + Level 7.7 Fighting
 + Level 7.9 Dodging
 + Level 8.2 Unarmed Combat
 + Level 7.2 Spellcasting
 + Level 4.2 Summonings
 + Level 7.9 Transmutations
 + Level 7.0 Ice Magic


You had 11 spell levels left.
You knew the following spells:

 Your Spells              Type           Power      Damage    Failure   Level
a - Beastly Appendage     Tmut           76%        N/A       1%          1
b - Ice Form              Ice/Tmut       37%        N/A       4%          4
c - Spider Form           Tmut/Pois      23%        N/A       5%          3
d - Summon Guardian Gole  Hex/Summ       15%        N/A       12%         3
e - Call Canine Familiar  Summ           24%        N/A       4%          3

Your spell library contained the following spells:

 Spells                   Type           Power      Damage    Failure   Level
 Summon Small Mammal      Summ           96%        N/A       1%          1
 Wereblood                Tmut           38%        N/A       1%          2
 Passwall                 Tmut/Erth      19%        N/A       2%          2
 Sandblast                Erth           14%        2d6       10%         1
 Portal Projectile        Hex/Tloc       14%        N/A       28%         3
 Stone Arrow              Conj/Erth      14%        3d7       28%         3
 Leda's Liquefaction      Hex/Erth       3%         N/A       67%         4


Dungeon Overview and Level Annotations

Branches:
Dungeon (10/15)            Temple (1/1) D:4             Orc (2/2) D:10
    Elf (0/3) Orc:2         Sewer (visited)         Ossuary (visited)
   Lair: D:8-11

Altars:
Ashenzari
Cheibriados
Dithmenos
Elyvilon
Fedhas
Gozag
Hepliaklqana
Kikubaaqudgha
Makhleb
Nemelex Xobeh
Okawaru
Qazlal
Ru
Sif Muna
Trog
Vehumet
Wu Jian
Xom
Yredelemnul
Zin
The Shining One

Shops:
D:7 [   Orc:1 :

Annotations:
D:10 Gastronok


Innate Abilities, Weirdness & Mutations

You are a creature of crystalline ice.
You have a powerful freezing melee attack.
Your maximum health is increased.
Your armour is entirely melded.
You are incapable of wielding weapons or throwing items.
You cannot wear most types of armour.
You are amphibious.
You can wear up to eight rings at the same time.
((Your skin changes colour to match your surroundings (Stealth+).))
((Your rubbery body absorbs attacks. (AC +1, EV +1)))
((You are camouflaged when in or above water. (Stealth+)))
((You have tentacles for arms and can constrict up to eight enemies at once.))
You have an increased reservoir of magic. (+10% MP)
Your natural rate of healing is unusually fast.


Message History

A centaur warrior comes into view.
The centaur closely misses you. x2
The centaur warrior shouts!
You punch the centaur! You freeze the centaur.
You kill the centaur!
Sif Muna accepts your kill.
The centaur warrior wields a +0 longbow.
The centaur warrior shoots an arrow.
The arrow closely misses you.
The centaur warrior shoots an arrow.
The arrow hits you!
Okay, then.
The centaur warrior shoots an arrow.
The arrow closely misses you.
Items here: $ ))))) [[ †.
The centaur warrior shoots an arrow.
The arrow completely misses you.
Things that are here:
a +0 mace; a +0 plate armour; an orc corpse
Items here: $ ))))) [[ †.
The centaur warrior shoots an arrow.
The arrow closely misses you.
The centaur warrior shoots an arrow.
The arrow misses you.
You hear a shout!
Things that are here:
a +0 mace; a +0 plate armour; an orc corpse The centaur warrior wields a +0 shortbow.
The centaur warrior shoots an arrow.
The arrow hits you!
The centaur warrior shoots an arrow.
The arrow hits you!!
The centaur warrior shoots an arrow.
The arrow barely misses you.
An ogre comes into view. It is wielding a +0 giant spiked club.
The ogre shouts!
The centaur warrior shoots an arrow.
The arrow barely misses you.
Items here: $ ))))) [[ †.
The centaur warrior shoots an arrow.
The arrow hits you!
The centaur warrior shoots an arrow.
The arrow hits you!!
* * * LOW HITPOINT WARNING * * *
The centaur warrior shoots an arrow.
The arrow hits you!
* * * LOW HITPOINT WARNING * * *
You feel much better.
The centaur warrior shoots an arrow.
The arrow hits you!
* * * LOW HITPOINT WARNING * * *
The centaur warrior shoots an arrow.
The arrow hits you!
* * * LOW HITPOINT WARNING * * *
The centaur warrior shoots an arrow.
The arrow hits you!!
You die...

............##
.............#
.............#
........#...##
...c.........#
..............#
......O......##
.......c..))..#
.........Y#).##
..........)###
.............##
..............#
......)......##
..............#
..............#
..............#
.###...#..#..##


You could see 2 centaur warriors and an ogre.

Vanquished Creatures
  A centaur warrior (Orc:2)
  A two-headed ogre (D:10)
  An orc high priest (Orc:2)
  Pikel (D:5)
  2 orc knights (Orc:2)
  2 orc sorcerers
  3 trolls
  Prince Ribbit (D:6)
  Grinder (D:3)
  Sigmund (D:4)
  A vampire (D:9)
  A wyvern (D:9)
  Eustachio (D:4)
  2 steam dragons
  Menkaure (D:6)
  4 wargs
  Edmund (D:5)
  An acid dragon (D:10)
  A nameless horror (D:9)
  2 water moccasins
  28 orc warriors
  A black bear (D:6)
  A sky beast (D:8)
  4 ogres
  11 centaurs
  A kobold brigand (Sewer)
  An elf zombie (Ossuary)
  2 bullfrogs
  3 scorpions
  9 killer bees
  2 howler monkeys (D:10)
  A human zombie (Ossuary)
  3 jellies
  Crazy Yiuf (D:5)
  A hound (D:7)
  7 orc priests
  A gnoll bouda (D:5)
  5 iguanas
  14 orc wizards
  4 mummies (Ossuary)
  7 adders
  5 gnolls
  A river rat (D:6)
  2 shadow imps
  A white imp (D:7)
  3 adder zombies (Ossuary)
  A worm (D:2)
  A dart slug (D:2)
  88 orcs
  10 ball pythons
  5 bats
  5 endoplasms
  4 giant cockroaches
  5 hobgoblins
  A jackal (Sewer)
  4 quokkas
  3 frilled lizards
  2 gnoll zombies (Ossuary)
  6 goblins
  5 jackal zombies (Ossuary)
  13 kobolds
  9 rats
310 creatures vanquished.

Vanquished Creatures (collateral kills)
  An orc wizard (Orc:2)
  An orc (Orc:2)
2 creatures vanquished.

Grand Total: 312 creatures vanquished

Notes
Turn   | Place    | Note
-------+----------+-------------------------------------------
     0 | D:1      | Arctor the Octopode Transmuter began the quest for the Orb.
     0 | D:1      | Reached XP level 1. HP: 13/13 MP: 3/3
   195 | D:1      | Reached XP level 2. HP: 14/18 MP: 3/5
  1051 | D:2      | Reached XP level 3. HP: 20/23 MP: 6/6
  1617 | D:2      | Reached XP level 4. HP: 26/29 MP: 5/7
  2208 | D:3      | Noticed Grinder
  2219 | D:3      | Paralysed by Grinder for 3 turns
  2228 | D:3      | Paralysed by Grinder for 5 turns
  2234 | D:3      | Killed Grinder
  2235 | D:3      | Reached skill level 4 in Unarmed Combat
  2235 | D:3      | Reached XP level 5. HP: 11/35 MP: 6/9
  2235 | D:3      | Reached XP level 6. HP: 13/41 MP: 6/10
  2369 | D:3      | Learned a level 4 spell: Ice Form
  2448 | D:3      | Found an ornate altar of the Wu Jian Council.
  2979 | D:4      | Noticed Sigmund
  3042 | D:4      | Learned a level 3 spell: Spider Form
  3171 | D:4      | Killed Sigmund
  3172 | D:4      | Reached skill level 1 in Ice Magic
  3172 | D:4      | Reached XP level 7. HP: 22/46 MP: 8/12
  3668 | D:4      | Found a staircase to the Ecumenical Temple.
  3712 | Temple   | Entered the Ecumenical Temple
  4107 | Temple   | Became a worshipper of Sif Muna the Loreminder
  4255 | D:4      | Noticed Eustachio
  4280 | D:4      | Killed Eustachio
  4457 | D:5      | Entered Level 5 of the Dungeon
  4495 | D:5      | Noticed Edmund
  4679 | D:5      | Killed Edmund
  4683 | D:5      | Reached XP level 8. HP: 17/53 MP: 8/13
  4825 | D:5      | Noticed Pikel
  4840 | D:5      | Killed Pikel
  4841 | D:5      | Reached skill level 5 in Unarmed Combat
  4894 | D:5      | Reached * piety under Sif Muna
  5311 | D:5      | Reached skill level 5 in Dodging
  5311 | D:5      | Reached skill level 5 in Transmutations
  5311 | D:5      | Reached XP level 9. HP: 59/59 MP: 15/15
  6115 | D:5      | Found a runed translucent door.
  6116 | D:5      | Noticed Crazy Yiuf
  6307 | D:5      | Killed Crazy Yiuf
  6388 | D:6      | Gained mutation: One of your tentacles bears a spike.
                  | [potion of mutation]
  6388 | D:6      | Gained mutation: You are frail. (-10% HP) [potion of
                  | mutation]
  6388 | D:6      | Gained mutation: You are agile. (Dex +4, Str/Int -1)
                  | [potion of mutation]
  6389 | D:6      | Lost mutation: You are frail. (-10% HP) [potion of
                  | mutation]
  6389 | D:6      | Lost mutation: You are agile. (Dex +4, Str/Int -1) [potion
                  | of mutation]
  6389 | D:6      | Gained mutation: You are clumsy. (Dex -2) [potion of
                  | mutation]
  6389 | D:6      | Gained mutation: You occasionally lose the ability to drink
                  | potions when taking damage. [potion of mutation]
  6389 | D:6      | Gained mutation: You are partially covered in iridescent
                  | scales. (AC +2) [potion of mutation]
  6390 | D:6      | Lost mutation: One of your tentacles bears a spike. [potion
                  | of mutation]
  6390 | D:6      | Lost mutation: You are partially covered in iridescent
                  | scales. (AC +2) [potion of mutation]
  6390 | D:6      | Lost mutation: You occasionally lose the ability to drink
                  | potions when taking damage. [potion of mutation]
  6390 | D:6      | Gained mutation: You have an increased reservoir of magic.
                  | (+10% MP) [potion of mutation]
  6390 | D:6      | Lost mutation: You are clumsy. (Dex -2) [potion of
                  | mutation]
  6390 | D:6      | Gained mutation: Your natural rate of healing is unusually
                  | fast. [potion of mutation]
  6412 | D:6      | Noticed Prince Ribbit
  6425 | D:6      | Killed Prince Ribbit
  6426 | D:6      | Reached skill level 5 in Fighting
  6460 | D:6      | Found a radiant altar of Vehumet.
  6530 | D:6      | Noticed Menkaure
  6536 | D:6      | Killed Menkaure
  6537 | D:6      | Reached skill level 5 in Spellcasting
  6632 | D:6      | Reached skill level 6 in Unarmed Combat
  6894 | D:6      | Found a glowing drain.
  6901 | Sewer    | Entered a sewer
  6981 | Sewer    | Reached ** piety under Sif Muna
  7003 | Sewer    | Found a white marble altar of Elyvilon.
  7236 | D:7      | Found a glowing silver altar of Zin.
  7482 | D:7      | Reached *** piety under Sif Muna
  7487 | D:7      | Found Xiudir's Armour Shoppe.
  7674 | D:7      | Found a sand-covered staircase.
  7741 | Ossuary  | Entered an ossuary
  7777 | Ossuary  | Reached XP level 10. HP: 68/68 MP: 20/20
  8064 | D:8      | Reached skill level 5 in Ice Magic
  8346 | D:8      | Reached **** piety under Sif Muna
  8415 | D:8      | Found an opulent altar of Gozag.
  9688 | D:9      | Noticed a two-headed ogre
 10158 | D:10     | Entered Level 10 of the Dungeon
 10204 | D:10     | Noticed a two-headed ogre
 10205 | D:10     | Learned a level 3 spell: Summon Guardian Golem
 10359 | D:10     | Noticed Gastronok
 10446 | D:10     | Reached skill level 7 in Unarmed Combat
 10518 | D:10     | Learned a level 3 spell: Call Canine Familiar
 10857 | D:10     | Reached skill level 1 in Summonings
 10876 | D:10     | Killed a two-headed ogre
 11016 | D:10     | Found a staircase to the Orcish Mines.
 11051 | D:10     | Reached ***** piety under Sif Muna
 11059 | Orc:1    | Entered Level 1 of the Orcish Mines
 11059 | Orc:1    | Noticed an orc sorcerer
 11059 | Orc:1    | Found Ditsuot's Self-Improvement Boutique.
 11064 | D:10     | Noticed a soul eater
 11069 | D:10     | Killed an orc sorcerer
 11085 | Orc:1    | Reached XP level 11. HP: 74/74 MP: 22/22
 11110 | Orc:1    | Noticed an orc sorcerer
 11129 | Orc:1    | Killed an orc sorcerer
 11590 | Orc:2    | Entered Level 2 of the Orcish Mines
 11697 | Orc:2    | Found a staircase to the Elven Halls.
 11822 | Orc:2    | Noticed an orc high priest
 11911 | Orc:2    | Received a gift from Sif Muna
 11996 | Orc:2    | Found a gate leading to a gauntlet.
 12219 | Orc:2    | Noticed an orc knight
 12403 | Orc:2    | HP: 2/90 [orc knight/+0 great mace (20)]
 12406 | Orc:2    | Killed an orc knight
 12521 | Orc:2    | Noticed an orc knight
 12542 | Orc:2    | Killed an orc knight
 12546 | Orc:2    | Reached skill level 8 in Unarmed Combat
 12644 | Orc:2    | Noticed a centaur warrior
 12658 | Orc:2    | Killed a centaur warrior
 12723 | Orc:2    | Killed an orc high priest
 12765 | Orc:1    | You fall into a shaft and drop 1 floor!
 12770 | Orc:2    | Noticed a centaur warrior
 12845 | Orc:2    | Reached XP level 12. HP: 37/82 MP: 25/25
 12904 | Orc:2    | Noticed a centaur warrior
 12915 | Orc:2    | Shot with an arrow by a centaur warrior

Illustrated notes

Levels and vault maps discovered:
D:1:      dpeg_arrival_lava_temple_mockup, layout_loops_ring, st_stairs_11
D:2:      layout_basic
D:3:      layout_loops_cross, nzn_wu_jian_contemplation, uniq_grinder
D:4:      layout_loops_ring, temple_green, uniq_eustachio, uniq_sigmund
D:5:      layout_loops_ring, uniq_crazy_yiuf_cottage, uniq_pikel, uniq_edmund
D:6:      layout_cave_pools, nicolae_vehumet_altar_sigil,
          cheibrodos_sewer_entry_sluice, kennysheep_generic_room_14,
          uniq_menkaure, uniq_prince_ribbit1
D:7:      layout_rooms, mainiacjoe_overflow_small_starburst, serial_shops, shop,
          nicolae_ossuary_entry_plus
D:8:      layout_basic, kennysheep_little_box, minmay_crystal_room
D:9:      layout_grid_maze
D:10:     layout_gridville, hiddenorc2_lemuel, chequers_serial_rivers_marsh,
          uniq_gastronok
Temple:   mainiacjoe_temple_bowtie_tessellation
Orc:1:    layout_caves, nicolae_shop_self_help
Orc:2:    st_orc_rangers, layout_diamond_mine, gauntlet_entry_generic

Skill      XL: |  1  2  3  4  5  6  7  8  9 10 11 |
---------------+----------------------------------+-----
Fighting       | 2 3 4 5 6 7 |  7.7
Dodging        | 3 4 5 6 7 |  7.9
Unarmed Combat | 4 5 6 7 8 |  8.2
Spellcasting   | 3 4 5 6 7 |  7.2
Transmutations | 3 4 5 6 7 |  7.9
Ice Magic      | 1 2 3 4 6 7 |  7.0
Summonings     | 2 4 |  4.2

Action                     |  1- 3 |  4- 6 |  7- 9 | 10-12 || total
---------------------------+-------+-------+-------+-------++-------
  Melee: Unarmed           |    16 |    10 |   254 |   451 ||   731
         Constrict         |    13 |     8 |    13 |     1 ||    35
         Kick              |     7 |     8 |     6 |       ||    21
         Tentacles         |     8 |     6 |    11 |     3 ||    28
         Spear             |    51 |    44 |    65 |       ||   160
         Punch             |       |       |     2 |       ||     2
   Cast: Beastly Appendage |    23 |    23 |    21 |     6 ||    73
         Spider Form       |       |     2 |     1 |     3 ||     6
         Ice Form          |       |       |    30 |    44 ||    74
         Summon Guardian G |       |       |       |     9 ||     9
         Call Canine Famil |       |       |       |     9 ||     9
    Use: Scroll            |     3 |     2 |     5 |     9 ||    19
         Potion            |       |     1 |     8 |     8 ||    17
   Stab: Sleeping          |     7 |     5 |     8 |       ||    20
 Armour: Skin              |     4 |     1 |   126 |    96 ||   227
  Dodge: Dodged            |    39 |    16 |   270 |   540 ||   865
